 Dungeon Crawl Stone Soup version 0.27-a0-1612-gde56a17b89 (webtiles) character file.

Game seed: 2983680530806308289

358 Spaninq the Chopper (level 6, -9/72 HPs)
             Began as a Formicid Arcane Marksman on July 21, 2021.
             Mangled by Pikel (15 damage)
             ... on level 5 of the Dungeon.
             The game lasted 00:11:36 (4991 turns).

Spaninq the Chopper (Formicid Arcane Marksman)      Turns: 4991, Time: 00:11:37

Health: -9/72      AC: 27    Str: 17    XL:     6   Next: 97%
Magic:  7/7        EV:  2    Int: 12    God:
Gold:   196        SH:  0    Dex: 11    Spells: 6/7 levels left

rFire    . . .     SeeInvis .   h - +0 war axe
rCold    . . .     Faith    .   (no shield)
rNeg     + + +     Spirit   .   (armour currently unavailable)
rPois    +         Reflect  .   (helmet unavailable)
rElec    .         Harm     .   (cloak currently unavailable)
rCorr    +         Rampage  .   (gloves currently unavailable)
Will     .....                  (boots currently unavailable)
Stlth    +.........             (no amulet)
HPRegen  0.22/turn              o - +4 ring of protection
MPRegen  0.10/turn              p - ring of resist corrosion

@: tree-form
A: stationary, stasis, torment immunity, boosted hp, permanent stasis, dig
shafts and tunnels, (antennae 3), four strong arms
a: no special abilities


You were on level 5 of the Dungeon.
You were a tree.
You visited 1 branch of the dungeon, and saw 5 of its levels.

You collected 196 gold pieces.

Inventory:

Hand Weapons
 a - a +0 hand crossbow
 h - a +0 war axe (weapon)
Missiles
 c - 15 bolts
Armour
 d - a +0 robe
 f - a +0 ring mail (melded)
Jewellery
 o - a +4 ring of protection (left branch)
 p - a ring of resist corrosion (right branch)
 w - a ring of ice
Wands
 u - a wand of acid (4)
Scrolls
 b - a scroll of holy word {unknown}
 e - 4 scrolls of teleportation {unknown}
 i - a scroll of silence {unknown}
 j - a scroll of summoning {unknown}
 l - 2 scrolls of identify {unknown}
 m - a scroll of blinking {unknown}
 q - a scroll of fog {unknown}
 r - a scroll of fear {unknown}
 s - a scroll of enchant weapon {unknown}
 v - a scroll of brand weapon {unknown}
 x - a scroll of torment {unknown}
Potions
 n - a potion of might {unknown}
 t - a potion of mutation {unknown}


   Skills:
 + Level 3.7 Fighting
 * Level 4.1 Axes
 - Level 2.7 Crossbows
 + Level 3.0 Armour
 - Level 1.7 Dodging
 - Level 1.1 Spellcasting
 - Level 3.6 Hexes


You had 6 spell levels left.
You knew the following spells:

 Your Spells              Type           Power      Damage    Failure   Level
a - Corona                Hex            10%        N/A       7%          1

Your spell library contained the following spells:

 Spells                   Type           Power      Damage    Failure   Level
 Slow                     Hex            9%         N/A       11%         2
 Sting                    Tmut/Pois      0%         1d3       30%         1
 Inner Flame              Hex/Fire       5%         N/A       38%         3
 Portal Projectile        Hex/Tloc       10%        N/A       38%         3
 Poisonous Vapours        Pois/Air       0%         N/A       41%         2
 Cause Fear               Hex            4%         N/A       56%         4
 Olgreb's Toxic Radiance  Pois           0%         N/A       96%         4


Dungeon Overview and Level Annotations

Branches:
Dungeon (5/15)             Temple (0/1) D:5

Altars:
Wu Jian

Annotations:
D:5 Pikel


Innate Abilities, Weirdness & Mutations

You are a tree.
Your roots penetrate the ground, keeping you stationary.
You cannot be teleported.
You are immune to unholy pain and torment.
Your maximum health is greatly increased.
Your equipment is partially melded.
You cannot be hasted, slowed, berserked, paralysed or teleported.
You can dig through walls and to a lower floor.
((You have a pair of large antennae on your head. (SInv)))
Your four strong arms can wield two-handed weapons with a shield.


Message History

Pikel hits you with a +2 whip of electrocution.
You closely miss Pikel.
Pikel says, "You'll feel the lick of my whip!"
Pikel barely misses you.
Pikel hits you with a +2 whip of electrocution.
You slash Pikel!
Pikel is moderately wounded.
Pikel hits you with a +2 whip of electrocution!
You are electrocuted!
* * * LOW HITPOINT WARNING * * *
You closely miss Pikel.
Pikel is moderately wounded.
Pikel zaps a wand.
You turn into a tree.
Your +0 ring mail melds into your body.
Your roots penetrate the ground.
You hit Pikel.
Pikel is heavily wounded.
Pikel hits you but does no damage.
Pikel zaps a wand.
Aiming: Corrosive Bolt
Press: ? - help, Shift-Dir - straight line, f - Pikel
Aim: Pikel, wielding a +2 whip of electrocution, wearing a +0 robe and carrying a wand of polymorph (1) (heavily wounded, 64% to hit)
The bolt of acid misses Pikel.
The bolt of acid hits the lemure!
The lemure is splashed with acid.
The acid corrodes the lemure!
You kill the lemure!
That felt strangely unrewarding.
The bolt of acid misses the lemure. x2
Pikel hits you but does no damage.
You are electrocuted!
* * * LOW HITPOINT WARNING * * *
You miss Pikel.
Pikel is heavily wounded.
Pikel hits you with a +2 whip of electrocution.
* * * LOW HITPOINT WARNING * * *
It was a potion of berserk rage.
Your stasis prevents you from going berserk.
Pikel hits you but does no damage.
You feel better.
Pikel zaps a wand.
The now-empty wand crumbles to dust.
You barely miss Pikel.
Pikel is heavily wounded.
Pikel hits you with a +2 whip of electrocution.
* * * LOW HITPOINT WARNING * * *
You are electrocuted!
You die...

... ....##.# ###
#######5# #.# #.# #{#
### #5# #<# #.#
#.####################.#
#.......♣K55...........#
########################


You could see Pikel and 2 lemures.

Vanquished Creatures
  A lemure (D:5)
  A wyvern zombie (D:4)
  2 orc priests
  A jelly (D:4)
  Natasha (twice) (D:4)
  8 gnolls
  3 adders
  An adder skeleton (D:4)
  A worm (D:3)
  A dart slug (D:5)
  6 orcs
  5 endoplasms
  2 giant cockroaches
  5 goblins
  4 hobgoblins
  4 jackals (D:4)
  3 quokkas
  2 ball pythons
  2 bats
  A frilled lizard (D:2)
  5 rats
60 creatures vanquished.

Notes
Turn   | Place    | Note
-------+----------+-------------------------------------------
     0 | D:1      | Spaninq the Formicid Arcane Marksman began the quest for
                  | the Orb.
     0 | D:1      | Reached XP level 1. HP: 15/15 MP: 2/2
   129 | D:1      | You fall into a shaft and drop 1 floor!
   247 | D:2      | Reached XP level 2. HP: 21/21 MP: 3/3
  1135 | D:2      | Reached XP level 3. HP: 27/27 MP: 4/4
  1363 | D:3      | Reached skill level 1 in Axes
  1975 | D:3      | Reached skill level 1 in Armour
  1975 | D:3      | Reached XP level 4. HP: 26/33 MP: 5/5
  2286 | D:3      | Reached skill level 2 in Axes
  2702 | D:4      | Reached XP level 5. HP: 39/39 MP: 6/6
  2948 | D:4      | Noticed Natasha
  2957 | D:4      | Killed Natasha
  3189 | D:4      | Noticed a black bear
  3431 | D:3      | Reached skill level 3 in Axes
  3607 | D:4      | Reached XP level 6. HP: 19/47 MP: 7/7
  4041 | D:4      | Noticed Natasha
  4074 | D:4      | Killed Natasha
  4147 | D:4      | Found an ornate altar of the Wu Jian Council.
  4390 | D:4      | Reached skill level 4 in Axes
  4895 | D:5      | Entered Level 5 of the Dungeon
  4934 | D:5      | Found a staircase to the Ecumenical Temple.
  4938 | D:5      | Noticed Pikel
  4987 | D:5      | HP: 3/72 [Pikel (10)]
  4991 | D:5      | Mangled by Pikel

Illustrated notes

Levels and vault maps discovered:
D:1:      dpeg_arrival_court, layout_basic
D:2:      layout_loops_ring, minmay_misc_feat_chi, kennysheep_generic_room_6
D:3:      layout_basic, serial_co_window_serial, co_window_paths_a,
          co_window_corner_a, co_window_of_opportunity_a, co_window_paths_a,
          co_window_paths_a, co_window_paths_a, co_window_paths_b,
          co_window_2corner, co_window_corner_b, co_window_broadway_a,
          co_window_4corner_b, co_window_paths_d, glass_columns_a
D:4:      layout_loops_ring, nzn_wu_jian_contemplation, uniq_natasha
D:5:      layout_basic, lemuel_coloured_pillars_altar, amcnicky_altar_gilded,
          minmay_temple_entry_junction_2, chequers_serial_rivers_micro_b,
          minmay_diced_spiral, uniq_pikel

Skill      XL: |  1  2  3  4  5  6 |
---------------+-------------------+-----
Fighting       | 2 3 |  3.7
Axes           | 1 2 3 4 |  4.1
Armour         | 1 2 3 |  3.0
Crossbows      | |  2.7
Dodging        | |  1.7
Spellcasting   | |  1.1
Hexes          | |  3.6

Action                   |  1- 3 |  4- 6 || total
-------------------------+-------+-------++-------
Melee: War axe           |    37 |   126 ||   163
 Fire: Hand crossbow     |    33 |       ||    33
Evoke: Wand              |       |     1 ||     1
  Use: Potion            |       |     3 ||     3
Armor: Robe              |     1 |       ||     1
       Ring mail         |    13 |    57 ||    70
       Skin              |       |     3 ||     3
Dodge: Dodged            |    26 |    79 ||   105

Table legend: (Time is in decaauts)
 A = Elapsed time spent in this place.
 B = Non-inter-level travel time spent in this place.
 C = Inter-level travel time spent in this place.
 D = Time resting spent in this place.
 E = Time spent auto-exploring this place.
 F = Levels seen in this place.
 G = Mean time per level.
                   A        B        C        D        E       F      G
               +--------+--------+--------+--------+--------+-----+--------+
         Total |   5072 |   4792 |    280 |   1212 |   2213 |   5 | 1014.4 |
       Dungeon |   5072 |   4792 |    280 |   1212 |   2213 |   5 | 1014.4 |
               +--------+--------+--------+--------+--------+-----+--------+

Top non-repeatable levels by time:
     D:3: 2167 daAuts
     D:4: 1566 daAuts
     D:2: 667 daAuts
     D:1: 569 daAuts
     D:5: 100 daAuts
